 Dungeon Crawl Stone Soup version 0.29-a0-398-ge13fd1374b (webtiles) character file.

Game seed: 4001230848866508667

529 kommiami the Grasshopper (level 7, -1/56 HPs)
             Began as a Gnoll Warper on May 12, 2022.
             Slain by an iguana (2 damage)
             ... on level 5 of the Dungeon.
             The game lasted 01:05:35 (4541 turns).

kommiami the Grasshopper (Gnoll Warper)             Turns: 4541, Time: 01:05:35

Health: -1/56      AC: 11    Str: 13    XL:     7   Next: 23%
Magic:  15/15      EV:  4    Int: 12    God:
Gold:   140        SH:  0    Dex: 11    Spells: 15/17 levels left

rFire   . . .      SeeInvis .   U - +2 dagger (holy)
rCold   . . .      Faith    .   (no shield)
rNeg    + . .      Spirit   .   h - +0 plate armour
rPois   .          Reflect  .   (no helmet)
rElec   .          Harm     .   (no cloak)
rCorr   .          Rampage  .   (no gloves)
Will    .....                   (no boots)
Stlth   ..........              (no amulet)
HPRegen 0.18/turn               n - +4 ring of slaying
MPRegen 0.14/turn               F - ring of positive energy

@: confused
A: fangs 1, strong nose, distributed training
a: no special abilities


You were on level 5 of the Dungeon.
You visited 1 branch of the dungeon, and saw 4 of its levels.

You collected 140 gold pieces.

Inventory:

Hand Weapons
 a - a +0 mace
 f - a +0 hand axe
 m - a +0 flail
 r - a +0 club
 t - a +0 flail
 u - a +0 spear
 x - a +0 whip
 B - a +0 whip
 G - a +0 club
 I - a +0 long sword
 Q - a +0 falchion
 U - a +2 dagger of holy wrath (weapon)
Missiles
 d - 2 boomerangs of dispersal (quivered)
 k - a throwing net
 Y - 2 silver boomerangs
Armour
 b - a +0 leather armour
 g - a +0 robe
 h - a +0 plate armour (worn)
 j - a +0 leather armour
 l - a +0 leather armour
 o - a +0 ring mail
 p - a +0 leather armour
 q - a +0 leather armour
 s - a +0 leather armour
 y - a +0 robe
 A - a +0 leather armour
 H - a +0 robe
 J - a +0 robe
 K - a +0 leather armour
 L - a +0 robe
 R - a +0 chain mail
 T - a +0 chain mail
 W - a +0 chain mail
Jewellery
 n - a +4 ring of slaying (left hand)
 F - a ring of positive energy (right hand)
Scrolls
 c - 2 scrolls of blinking
 e - a scroll of immolation {unknown}
 w - 6 scrolls of identify {unknown}
 z - a scroll of fear {unknown}
 C - a scroll of teleportation {unknown}
 E - a scroll of vulnerability {unknown}
 N - a scroll of magic mapping {unknown}
 O - a scroll of brand weapon {unknown}
 P - a scroll of torment {unknown}
Potions
 i - 2 potions of curing {unknown}
 v - 2 potions of flight {unknown}
 D - 2 potions of lignification {unknown}
 V - a potion of ambrosia {unknown}
 X - a potion of degeneration {unknown}


   Skills:
 + Level 5.2 Fighting
 + Level 2.3 Short Blades
 + Level 2.3 Long Blades
 + Level 2.3 Axes
 + Level 5.2 Maces & Flails
 + Level 2.3 Polearms
 + Level 2.3 Staves
 + Level 2.3 Slings
 + Level 2.3 Bows
 + Level 2.3 Crossbows
 + Level 3.5 Throwing
 + Level 3.5 Armour
 + Level 5.2 Dodging
 + Level 2.3 Stealth
 + Level 2.3 Shields
 + Level 2.3 Unarmed Combat
 + Level 5.5 Spellcasting
 + Level 1.9 Conjurations
 + Level 1.9 Hexes
 + Level 1.9 Summonings
 + Level 1.9 Necromancy
 + Level 5.8 Translocations
 + Level 1.9 Transmutations
 + Level 1.9 Fire Magic
 + Level 1.9 Ice Magic
 + Level 1.9 Air Magic
 + Level 1.9 Earth Magic
 + Level 1.9 Poison Magic
 + Level 2.6 Invocations
 + Level 2.3 Evocations


You had 15 spell levels left.
You knew the following spells:

 Your Spells              Type           Power      Damage    Failure   Level
a - Blink                 Tloc           34%        N/A       97%         2

Your spell library contained the following spells:

 Spells                   Type           Power      Damage    Failure   Level
 Gell's Gravitas          Tloc           17%        N/A       100%        3
 Lesser Beckoning         Tloc           17%        N/A       100%        3
 Teleport Other           Tloc           17%        N/A       100%        3
 Manifold Assault         Tloc           17%        N/A       100%        5
 Storm Form               Tmut/Air       3%         N/A       100%        7


Dungeon Overview and Level Annotations

Branches:
Dungeon (3/15)

Altars:


Innate Abilities, Weirdness & Mutations

You have very sharp teeth.
Your uncanny sense of smell can sniff out nearby items.
Your experience applies equally to all skills.


Message History

The jackal is almost dead.
The jackal barely misses you. The iguana bites you.
You hit the jackal.
You kill the jackal!
The iguana bites you but does no damage.
You closely miss the iguana. You hit the iguana.
The iguana is lightly wounded.
You hear some strange, mumbled words.
Something tries to affect you, but you resist.
The iguana barely misses you.
You barely miss something. Something hits you but does no damage.
The iguana bites you but does no damage.
You completely miss something.
You hear some strange, mumbled words.
You are confused.
The iguana bites you. The iguana attacks as you move away!
The iguana bites you! Something hits you but does no damage.
You hit the iguana. You bite the iguana.
The iguana is severely wounded.
You hear some strange, mumbled words.
Something tries to affect you, but you resist.
The iguana bites you. Something hits you.
The orc warrior hits you with a +0 war axe!
* * * LOW HITPOINT WARNING * * *
The iguana bites you.
* * * LOW HITPOINT WARNING * * *
Unknown command.
You're too confused to cast spells.
The iguana bites you.
* * * LOW HITPOINT WARNING * * *
The orc warrior hits you but does no damage.
You closely miss the iguana.
The iguana is severely wounded.
Something hits you.
* * * LOW HITPOINT WARNING * * *
The iguana bites you.
You die...

#..## ##..# #..# ∆ #..#
### #..# #.## ##..#
##.#####..###
########....ol...#
#####........>..@{W..#
#...##########.#######
.....## #.## ......# #..#
......# ##÷# ######
†.....#########.####......
.................†...##
.....######...........#
......# #######..##..#


You could see an orc warrior, a phantom and an iguana.

Vanquished Creatures
  The ghost of zeratav the Digger, an amateur OpEE (D:3)
  A bullfrog (D:3)
  A scorpion (D:2)
  A jelly (D:5)
  An orc priest (D:3)
  A gnoll shaman (D:5)
  2 orc wizards
  3 gnolls (D:5)
  6 adders
  A dart slug (D:1)
  5 orcs
  7 ball pythons
  5 endoplasms
  2 giant cockroaches
  3 goblins
  10 hobgoblins
  A jackal (D:5)
  5 kobolds
  A quokka (D:1)
  4 bats
  4 frilled lizards (D:1)
  10 rats
75 creatures vanquished.

Notes
Turn   | Place    | Note
-------+----------+-------------------------------------------
     0 | D:1      | kommiami the Gnoll Warper began the quest for the Orb.
     0 | D:1      | Reached XP level 1. HP: 20/20 MP: 6/6
   212 | D:1      | Reached XP level 2. HP: 16/26 MP: 7/7
  1346 | D:2      | Found a faded altar of an unknown god.
  1634 | D:2      | Reached skill level 5 in Spellcasting
  1634 | D:2      | Reached XP level 3. HP: 30/31 MP: 7/9
  1720 | D:2      | Learned a level 2 spell: Blink
  1865 | D:1      | Reached skill level 1 in Invocations
  2137 | D:1      | Reached skill level 1 in Short Blades
  2137 | D:1      | Reached skill level 1 in Long Blades
  2137 | D:1      | Reached skill level 1 in Axes
  2137 | D:1      | Reached skill level 1 in Polearms
  2137 | D:1      | Reached skill level 1 in Staves
  2137 | D:1      | Reached skill level 1 in Slings
  2137 | D:1      | Reached skill level 1 in Bows
  2137 | D:1      | Reached skill level 1 in Crossbows
  2137 | D:1      | Reached skill level 1 in Stealth
  2137 | D:1      | Reached skill level 1 in Shields
  2137 | D:1      | Reached skill level 1 in Unarmed Combat
  2137 | D:1      | Reached skill level 1 in Evocations
  3371 | D:2      | Noticed a scorpion
  3381 | D:2      | Killed a scorpion
  3382 | D:2      | Reached skill level 1 in Conjurations
  3382 | D:2      | Reached skill level 1 in Hexes
  3382 | D:2      | Reached skill level 1 in Summonings
  3382 | D:2      | Reached skill level 1 in Necromancy
  3382 | D:2      | Reached skill level 1 in Transmutations
  3382 | D:2      | Reached skill level 1 in Fire Magic
  3382 | D:2      | Reached skill level 1 in Ice Magic
  3382 | D:2      | Reached skill level 1 in Air Magic
  3382 | D:2      | Reached skill level 1 in Earth Magic
  3382 | D:2      | Reached skill level 1 in Poison Magic
  3382 | D:2      | Reached XP level 4. HP: 34/38 MP: 11/11
  3382 | D:2      | Reached XP level 5. HP: 38/43 MP: 12/12
  3724 | D:3      | Reached XP level 6. HP: 38/50 MP: 13/13
  3857 | D:3      | Noticed zeratav's ghost (amateur OpEE)
  3868 | D:3      | Found a runed translucent gate.
  3868 | D:3      | Found a runed translucent gate.
  3868 | D:3      | Found a runed translucent gate.
  3936 | D:3      | Killed zeratav's ghost
  3937 | D:3      | Reached skill level 5 in Fighting
  3937 | D:3      | Reached skill level 5 in Maces & Flails
  3937 | D:3      | Reached skill level 5 in Dodging
  4151 | D:3      | You fall into a shaft and drop 2 floors!
  4151 | D:5      | Entered Level 5 of the Dungeon
  4223 | D:5      | Reached XP level 7. HP: 42/56 MP: 15/15
  4541 | D:5      | HP: 1/56 [something (3)]
  4541 | D:5      | Slain by an iguana

Illustrated notes

Levels and vault maps discovered:
D:1:      dpeg_arrival_rhombi, layout_basic, minmay_rat_gold_closets
D:2:      layout_loops_ring, hellmonk_ecumenical_altar_zigzags
D:3:      layout_loops_cross, gammafunk_ghost_split
D:5:      minmay_octagon_keep, layout_rooms, mainiacjoe_overflow_cross_hatched

Skill      XL: |  1  2  3  4  5  6 |
---------------+-------------------+-----
Spellcasting   | 5 |  5.5
Invocations    | 1 2 |  2.6
Short Blades   | 1 2 |  2.3
Long Blades    | 1 2 |  2.3
Axes           | 1 2 |  2.3
Polearms       | 1 2 |  2.3
Staves         | 1 2 |  2.3
Slings         | 1 2 |  2.3
Bows           | 1 2 |  2.3
Crossbows      | 1 2 |  2.3
Stealth        | 1 2 |  2.3
Shields        | 1 2 |  2.3
Unarmed Combat | 1 2 |  2.3
Evocations     | 1 2 |  2.3
Conjurations   | 1 |  1.9
Hexes          | 1 |  1.9
Summonings     | 1 |  1.9
Necromancy     | 1 |  1.9
Transmutations | 1 |  1.9
Fire Magic     | 1 |  1.9
Ice Magic      | 1 |  1.9
Air Magic      | 1 |  1.9
Earth Magic    | 1 |  1.9
Poison Magic   | 1 |  1.9
Throwing       | 3 |  3.5
Armour         | 3 |  3.5
Fighting       | 5 |  5.2
Maces & Flails | 5 |  5.2
Dodging        | 5 |  5.2
Translocations | |  5.8

Action                   |  1- 3 |  4- 6 |  7- 9 || total
-------------------------+-------+-------+-------++-------
Melee: Mace              |    93 |    65 |       ||   158
       Bite              |     8 |    10 |     8 ||    26
       Dagger            |       |     7 |    37 ||    44
       Punch             |       |       |     1 ||     1
Throw: Boomerang         |     5 |       |       ||     5
Armor: Plate armour      |    63 |    57 |    27 ||   147
Dodge: Dodged            |    14 |    16 |     6 ||    36

Table legend: (Time is in decaauts)
 A = Elapsed time spent in this place.
 B = Non-inter-level travel time spent in this place.
 C = Inter-level travel time spent in this place.
 D = Time resting spent in this place.
 E = Time spent auto-exploring this place.
 F = Levels seen in this place.
 G = Mean time per level.
                   A        B        C        D        E       F      G
               +--------+--------+--------+--------+--------+-----+--------+
         Total |   4568 |   4568 |      0 |    723 |      0 |   4 | 1142.0 |
       Dungeon |   4568 |   4568 |      0 |    723 |      0 |   4 | 1142.0 |
               +--------+--------+--------+--------+--------+-----+--------+

Top non-repeatable levels by time:
     D:1: 2985 daAuts
     D:2: 733 daAuts
     D:3: 464 daAuts
     D:5: 385 daAuts
